 Dungeon Crawl Stone Soup version 0.22.1-1-ga44c0e56f4 (webtiles) character file.

27 Nixze the Magician (level 2, -9/15 HPs)
             Began as a Deep Elf Ice Elementalist on Nov 1, 2018.
             Killed by divine providence
             ... invoked by an orc priest
              (12 damage)
             ... on level 1 of the Dungeon on Nov 2, 2018.
             The game lasted 00:03:06 (1529 turns).

Nixze the Magician (Deep Elf Ice Elementalist)      Turns: 1529, Time: 00:03:07

Health: -9/15      AC:  3    Str:  5    XL:     2   Next: 93%
Magic:  2/9        EV: 13    Int: 19    God:
Gold:   15         SH:  0    Dex: 15    Spells: 6/9 levels left

rFire    . . .     SeeInvis .   (no weapon)
rCold    . . .     Gourm    .   (no shield)
rNeg     . . .     Faith    .   a - +0 robe
rPois    .         Spirit   .   g - +0 helmet
rElec    .         Reflect  .   (no cloak)
rCorr    .         Harm     .   (no gloves)
MR       .....                  (no boots)
Stlth    ++........             (no amulet)
HPRegen  0.05/turn              (no ring)
MPRegen  0.11/turn              (no ring)

@: very slightly contaminated
A: no striking features
a: no special abilities


You were on level 1 of the Dungeon.
You were hungry.

You visited 1 branch of the dungeon, and saw 2 of its levels.

You collected 15 gold pieces.

Inventory:

Armour
 a - a +0 robe (worn)
 g - a +0 helmet (worn)
Scrolls
 b - a scroll of magic mapping {unknown}
 d - a scroll of immolation {unknown}
 e - a scroll of fog {unknown}
 f - a scroll of teleportation {unknown}
Comestibles
 c - 5 rations


   Skills:
 - Level 2.4 Dodging
 - Level 2.4 Stealth
 + Level 4.0 Spellcasting
 - Level 1.1 Conjurations
 + Level 4.0 Ice Magic


You had 6 spell levels left.
You knew the following spells:

 Your Spells              Type           Power        Failure   Level  Hunger
a - Freeze                Ice            ###.         2%          1    None
b - Throw Frost           Conj/Ice       ##....       8%          2    ##.....

Your spell library contained the following spells:

 Spells                   Type           Power        Failure   Level  Hunger
 Ozocubu's Armour         Chrm/Ice       ##......     19%         3    ###....
 Throw Icicle             Conj/Ice       ##......     43%         4    ####...
 Summon Ice Beast         Ice/Summ       ##......     52%         4    ####...


Dungeon Overview and Level Annotations

Branches:
Dungeon (2/15)

Altars:


Message History

Aiming: Freeze (safe; 2% risk of failure)
Press: ? - help, Shift-Dir - straight line, f/p - orc priest
Aim: an orc priest, wielding a mace (lightly wounded)
You freeze the orc priest.
The orc priest is moderately wounded.
The orc priest invokes the aid of Beogh against you.
Beogh smites you!
Ouch! That really hurt!
* * * LOW HITPOINT WARNING * * *
Casting: Freeze (safe; 2% risk of failure)
Confirm with . or Enter, or press ? or * to list all spells.
Aiming: Freeze (safe; 2% risk of failure)
Press: ? - help, Shift-Dir - straight line, f/p - orc priest
Aim: an orc priest, wielding a mace (moderately wounded)
You freeze the orc priest.
The orc priest is heavily wounded.
The orc priest invokes the aid of Beogh against you.
Beogh smites you!
Ouch! That really hurt!
You die...

######## #....... ###############
#.###### ....<#.#......# #.#
######.######.# #.#
..............# #†######
.############## #......#
(.#.P.....#...#################.#
#.#####.#.#.#.##@o.............†.
#.......#...#.##.##########.#.#.#
#.#.#########.##.##########.#.#.#
#P#....†....#.##.................
#############.##.##########.###.#
....#.........##.#........#.....#
#####.##########.#.######.#######
#.# ###.#............... #.#
#........###.#######


You could see an orc priest.

Vanquished Creatures
  An ooze (D:1)
  A dart slug (D:1)
  A leopard gecko (D:1)
  2 orcs (D:2)
  A giant cockroach (D:1)
  A hobgoblin (D:1)
  A bat (D:1)
  5 frilled lizards (D:1)
  3 goblins (D:1)
  2 kobolds (D:1)
  2 rats (D:1)
20 creatures vanquished.

Notes
Turn   | Place    | Note
-------+----------+-------------------------------------------
     0 | D:1      | Nixze the Deep Elf Ice Elementalist began the quest for the
                  | Orb.
     0 | D:1      | Reached XP level 1. HP: 10/10 MP: 6/6
   302 | D:1      | Reached XP level 2. HP: 15/15 MP: 5/8
   564 | D:1      | Learned a level 2 spell: Throw Frost
  1529 | D:1      | Killed from afar by an orc priest

Skill      XL: |  1  2 |
---------------+-------+-----
Spellcasting   | 4 |  4.0
Ice Magic      | 4 |  4.0
Dodging        | |  2.4
Stealth        | |  2.4
Conjurations   | |  1.1

Action                   || total
-------------------------++-------
Melee: Unarmed           ||     1
 Cast: Freeze            ||    33
       Throw Frost       ||     4
  Eat: Chunk             ||     1
Armor: Robe              ||     1
Dodge: Dodged            ||    11
